 Dungeon Crawl Stone Soup version 0.31-a0-1612-g4aaf141004 (webtiles) character file.

Game seed: 10634093982110743764

96042 freelancePsychic the Warrior (level 15, -12/134 HPs)
             Began as a Demonspawn Artificer on Jan 8, 2024.
             Was the Champion of Okawaru.
             Killed from afar by a deep elf knight (30 damage)
             ... with a shard of ice
             ... on level 1 of the Elven Halls on Jan 9, 2024.
             The game lasted 00:42:12 (23751 turns).

freelancePsychic the Warrior (DsAr)                Turns: 23751, Time: 00:42:13

Health: -12/134    AC: 22    Str: 24    XL:     15   Next: 68%
Magic:  20/20      EV: 12    Int: 13    God:    Okawaru [******]
Gold:   827        SH: 11    Dex: 14    Spells: 14/14 levels left

rFire   . . .        Q - -1 demon whip (venom)
rCold   . . .        u - +0 buckler
rNeg    . . .        C - +8 ring mail "Kah Runaq" {Regen+}
rPois   +            (helmet unavailable)
rElec   .            G - +0 cloak {Stlth+}
rCorr   +            b - +0 pair of gloves
SInv    .            P - +1 pair of boots of Jausk {rCorr}
Will    +....        D - amulet of reflection
Stlth   ++           M - ring of Qeeduzequ {Fly rPois}
HPRegen 1.22/turn    S - +6 ring of strength
MPRegen 0.17/turn

%: reflection
@: flying
A: horns 3, rugged brown scales 1, spiny 3, condensation shield
a: Renounce Religion, Heroism, Finesse, Duel


You were on level 1 of the Elven Halls.
You worshipped Okawaru.
Okawaru was exalted by your worship.
You visited 4 branches of the dungeon, and saw 21 of its levels.

You collected 2040 gold pieces.
You spent 1213 gold pieces at shops.

Inventory:

Hand Weapons
 j - the +1 eveningstar of Anguish {antimagic, *Noise rPois Will+ SInv}
   (You acquired it on level 6 of the Dungeon)

   rPois:     It protects you from poison Will+: It increases your willpower.
   SInv:      It lets you see invisible.
   *Noise:    It may make a loud noise when swung.
 Q - a -1 demon whip of venom (weapon)
Missiles
 N - a throwing net
Armour
 b - a +0 pair of gloves (worn)
 i - +0 acid dragon scales
 p - a +0 kite shield
 u - a +0 buckler (worn)
 C - the +8 ring mail "Kah Runaq" (worn) {Regen+}
   (You bought it in a shop on level 2 of the Orcish Mines)

   Regen+:    It increases your rate of health regeneration.
 G - a +0 cloak of stealth (worn)
 P - the +1 pair of boots of Jausk (worn) {rCorr}
   (You bought it in a shop on level 7 of the Dungeon)

   rCorr:     It protects you from acid and corrosion.
 W - a +2 crystal plate armour
Jewellery
 a - an amulet of guardian spirit
 q - an amulet of regeneration
 D - an amulet of reflection (around neck)
 M - the ring of Qeeduzequ (left hand) {Fly rPois}
   (You found it on level 7 of the Dungeon)

   [ring of poison resistance]

   rPois:     It protects you from poison Fly: It grants you flight.
 S - a +6 ring of strength (right hand)
 V - a ring of poison resistance
 Z - a ring of willpower
Wands
 c - a wand of flame (39) (quivered)
 d - a wand of charming (15)
 F - a wand of paralysis (8)
 H - a wand of mindburst (12)
 R - a wand of acid (4)
Scrolls
 e - a scroll of noise
 h - 5 scrolls of teleportation {@r4}
 n - 5 scrolls of immolation
 o - 3 scrolls of fog
 r - 2 scrolls of enchant weapon
 s - 2 scrolls of fear
 y - 3 scrolls of amnesia
 A - 2 scrolls of enchant armour
 J - a scroll of summoning
 L - 2 scrolls of poison
 O - 2 scrolls of blinking
 T - 2 scrolls of torment
 X - a scroll of revelation
Potions
 f - 4 potions of brilliance
 g - a potion of haste {@q3}
 k - 10 potions of curing {@q1}
 l - 7 potions of lignification
 t - 2 potions of invisibility
 v - a potion of ambrosia
 w - 6 potions of mutation
 x - 6 potions of degeneration
 z - 3 potions of might
 B - 2 potions of magic
 E - a potion of enlightenment
 I - a potion of berserk rage


   Skills:
 + Level 16.1 Fighting
 - Level 12.0 Maces & Flails
 - Level 12.2 Armour
 + Level 3.5 Dodging
 - Level 2.0 Stealth
 * Level 7.2 Shields
 - Level 7.6 Invocations
 - Level 11.4 Evocations


You had 14 spell levels left.
You didn't know any spells.
Your spell library contained the following spells:

 Spells                   Type           Power      Damage    Failure   Level
 Necrotise                Necr           0%         1d4       45%         1
 Sting                    Conj/Alch      0%         1d3       45%         1
 Blink                    Tloc           0%         N/A       58%         2
 Jinxbite                 Hex            0%         N/A       58%         2
 Lesser Beckoning         Tloc           0%         N/A       58%         2
 Mercury Vapours          Alch/Air       0%         N/A       58%         2
 Momentum Strike          Conj/Tloc      0%         3d8       58%         2
 Vampiric Draining        Necr           0%         2d6       83%         3
 Brom's Barrelling Bould  Conj/Erth      0%         2d3       99%         4
 Fulminant Prism          Conj/Alch      0%         3d5       99%         4
 Ignite Poison            Fire/Alch      0%         N/A       99%         4
 Olgreb's Toxic Radiance  Alch           0%         N/A       99%         4
 Sticky Flame             Fire/Alch      0%         2d4       99%         4
 Curse of Agony           Necr           0%         N/A       100%        5
 Fireball                 Conj/Fire      0%         3d3       100%        5
 Iskenderun's Battlesphe  Conj           0%         2d6       100%        5
 Yara's Violent Unravell  Hex/Alch       0%         3d3       100%        5
 Bombard                  Conj/Erth      0%         9d1       100%        6
 Conjure Ball Lightning   Conj/Air       0%         3x3d6     100%        6
 Eringya's Noxious Bog    Alch           0%         4d6       100%        6
 Enfeeble                 Hex            0%         N/A       100%        7
 Orb of Destruction       Conj           0%         9d5       100%        7
 Ignition                 Fire           0%         3d3       100%        8
 Fire Storm               Conj/Fire      0%         5d1       100%        9
 Martyr's Knell           Necr/Summ      Unusable   N/A       N/A         4
 Summon Forest            Summ/Tloc      Unusable   N/A       N/A         5
 Summon Hydra             Summ           Unusable   N/A       N/A         7

Dungeon Overview and Level Annotations

Branches:
Dungeon (13/15)            Temple (0/1) D:4            Lair (5/5) D:10
 Shoals (0/4) Lair:3        Snake (0/4) Lair:2        Slime (0/5) Lair:4
    Orc (2/2) D:9             Elf (1/3) Orc:2
 Vaults: D:13-14

Altars:
Ashenzari
Dithmenos
Fedhas
Gozag
Makhleb
Okawaru
Qazlal
Ru
Uskayaw
Vehumet
Xom
Yredelemnul

Shops:
D:5 :   D:7 [   D:11 ?((*!   Orc:2 ?(*[

Portals:
Trove: D:12 (give +8 demon blade)

Annotations:
D:5 exclusion: statue
D:7 2 transporters, PrincessEmiBear's ghost, novice TrGl
Lair:5 exclusions: obsidian statue and oklob plant


Innate Abilities, Weirdness & Mutations

You have a pair of large horns on your head.
You are partially covered in rugged brown scales. (AC +1, +3% HP)
You are completely covered in sharp spines.
A meltable shield of frost defends you. (SH +0)


Message History

Okawaru accepts your kill. The liquid fire burns you!
You hear a bow twang.
An arrow appears from out of thin air!
The arrow hits you.
You shake off the liquid fire.
You hear a bow twang.
An arrow appears from out of thin air!
You block the arrow with an invisible shield... and reflect it back!
Things that are here:
a +2 short sword of electrocution; a +0 ring mail You hear a bow twang.
An arrow appears from out of thin air!
The arrow hits you!!
* * * LOW HITPOINT WARNING * * *
You hear a bow twang.
An arrow appears from out of thin air!
The arrow hits you!
* * * LOW HITPOINT WARNING * * *
Something hits you but does no damage.
You feel much better. Something hits you!
* * * LOW HITPOINT WARNING * * *
You miss something.
You hear some strange, mumbled words.
A lance of force appears from out of thin air!
The lance of force hits you!!
* * * LOW HITPOINT WARNING * * *
You are knocked back by the lance of force.
You slam into the rock wall!
You hit something. Your headbutt misses something. Something hits you.
* * * LOW HITPOINT WARNING * * *
You feel much better.
You hear some strange, mumbled words.
A lance of force appears from out of thin air!
The lance of force hits you!
* * * LOW HITPOINT WARNING * * *
You are knocked back by the lance of force.
You slam into the rock wall!
You hit something.
You hear some strange, mumbled words.
A shard of ice appears from out of thin air!
The shard of ice hits you!!
You die...

... . #.# .# #####
#####.# ##...##
#...#.# ##.....#
#...#.# ##..)#####
#...#.# ##...##§.§#
##...#.#
#.{@##....###.......
#))###......##......
#.###........##.>...
#.#.....#.....#.....
#.'....§#§...†(..#.#
####.........##..#.#
##.......###..#.#
#......## ####'#
####...#### ##...


There were no monsters in sight!

Vanquished Creatures
  A deep elf sorcerer (Elf:1)
  An orc warlord (Orc:2)
  Nessos (Orc:2)
  3 dire elephants (Lair:5)
  Snorg (Orc:2)
  Erolcha (Orc:2)
  4 hydras
  A catoblepas (Lair:4)
  A centaur warrior (D:13)
  A tengu warrior (D:13)
  6 death yaks (Lair:1)
  4 two-headed ogres
  2 boulder beetles
  A dancing weapon (Elf:1)
  An orc high priest (Orc:2)
  3 deep elf knights (Elf:1)
  Urug (D:10)
  3 skysharks (Lair:5)
  Amaemon (D:9)
  A spectral anaconda (Lair:5)
  3 deep elf archers (Elf:1)
  5 orc knights
  A harpy (shapeshifter) (Elf:1)
  9 deep elf zephyrmancers (Elf:1)
  10 deep elf pyromancers
  2 oklob plants (Lair:4)
  3 necromancers (Lair:5)
  A wolf spider (shapeshifter) (Elf:1)
  7 cyclopes
  2 orc sorcerers (Orc:2)
  2 manticores
  4 kobold blastminers (Orc:2)
  Maurice (D:9)
  14 elephants
  An ugly thing (D:9)
  A dire elephant zombie (Lair:5)
  A dire elephant skeleton (Lair:5)
  An orange demon (D:9)
  6 black mambas
  A gargoyle (D:12)
  5 rime drakes
  3 unseen horrors
  9 cane toads
  A tengu conjurer (D:13)
  16 komodo dragons
  3 red devils (D:12)
  10 trolls
  A polar bear (shapeshifter) (D:11)
  9 saltlings (Orc:2)
  A polar bear (Lair:2)
  A wind drake (Lair:3)
  Prince Ribbit (D:9)
  15 blink frogs
  A raiju (shapeshifter) (Elf:1)
  A spectral elephant (Lair:5)
  2 hornets
  A jumping spider (shapeshifter) (Elf:1)
  4 dream sheep (Lair:4)
  Sigmund (D:5)
  4 slime creatures (D:13)
  2 spriggans (Lair:1)
  A shadow (D:10)
  7 wraiths
  7 wyverns
  A fire bat (shapeshifter) (Elf:1)
  A vampire (D:12)
  Eustachio (D:6)
  51 yaks
  A fire elemental (Elf:1)
  3 basilisks
  2 steam dragons
  11 vampire mosquitoes
  3 wargs
  4 death yak simulacra (Lair:5)
  3 spectral cane toads (Lair:5)
  4 acid dragons
  A swamp drake (shapeshifter) (Elf:1)
  8 water moccasins
  2 ice beasts (D:8)
  10 black bears
  2 sky beasts
  25 orc warriors
  2 elephant zombies (Lair:5)
  5 elephant skeletons (Lair:5)
  9 ogres
  4 centaurs
  14 wolves
  A phantom (D:4)
  6 kobold brigands
  15 bullfrogs
  A cane toad simulacrum (Lair:5)
  An earth elemental (Elf:1)
  2 gnoll sergeants
  2 scorpions
  6 wights
  An elephant simulacrum (Lair:5)
  7 killer bees
  3 electric eels
  7 howler monkeys
  A bombardier beetle (D:7)
  16 orc priests
  2 jellies
  2 gnoll boudas
  2 hounds
  2 sleepcaps
  Crazy Yiuf (D:5)
  3 iguanas
  18 orc wizards
  20 gnolls
  7 adders
  A shadow imp (D:6)
  6 dart slugs
  3 ribbon worms
  59 orcs
  2 bats (D:3)
  4 endoplasms
  A giant cockroach (D:3)
  7 goblins
  6 hobgoblins
  6 jackals
  18 kobolds
  2 quokkas
  4 ball pythons
  3 frilled lizards
  3 rats
637 creatures vanquished.

Notes
Turn   | Place    | Note
-------+----------+-------------------------------------------
     0 | D:1      | freelancePsychic the Demonspawn Artificer began the quest
                  | for the Orb.
     0 | D:1      | Reached XP level 1. HP: 15/15 MP: 1/1
    77 | D:1      | Reached skill level 1 in Stealth
   216 | D:1      | Gained mutation: A meltable shield of frost defends you.
                  | (SH +0) [demonic ancestry]
   216 | D:1      | Reached XP level 2. HP: 13/21 MP: 2/2
   723 | D:1      | Reached skill level 2 in Fighting
   723 | D:1      | Reached skill level 1 in Maces & Flails
   723 | D:1      | Reached XP level 3. HP: 5/27 MP: 3/3
  1461 | D:2      | Found an iron altar of Okawaru.
  1538 | D:2      | Became a worshipper of Warmaster Okawaru
  1994 | D:3      | Found a transporter.
  2043 | D:3      | Reached skill level 1 in Invocations
  2043 | D:3      | Reached XP level 4. HP: 32/34 MP: 4/4
  2295 | D:3      | Found a faded altar of an unknown god.
  2462 | D:3      | Found a transporter.
  2594 | D:3      | Reached skill level 1 in Shields
  2873 | D:3      | Gained mutation: You are partially covered in rugged brown
                  | scales. (AC +1, +3% HP) [demonic ancestry]
  2873 | D:3      | Reached XP level 5. HP: 25/40 MP: 6/6
  3148 | D:4      | Reached * piety under Okawaru
  3320 | D:4      | Noticed a phantom
  3323 | D:4      | Noticed a black bear
  3345 | D:4      | Killed a phantom
  3346 | D:4      | Reached skill level 3 in Fighting
  3346 | D:4      | Gained mutation: You are partially covered in sharp spines.
                  | [demonic ancestry]
  3346 | D:4      | Reached XP level 6. HP: 40/48 MP: 6/8
  3534 | D:4      | Found a staircase to the Ecumenical Temple.
  3542 | D:4      | Reached ** piety under Okawaru
  3543 | D:4      | Gained mutation: You have a pair of small horns on your
                  | head. [demonic ancestry]
  3543 | D:4      | Reached XP level 7. HP: 48/53 MP: 9/9
  3697 | D:4      | Found a burning altar of Makhleb.
  3820 | D:5      | Entered Level 5 of the Dungeon
  4324 | D:5      | Noticed Sigmund
  4334 | D:5      | Reached skill level 4 in Fighting
  4455 | D:5      | Killed Sigmund
  4456 | D:5      | Reached XP level 8. HP: 61/61 MP: 11/11
  4619 | D:5      | Found a runed translucent door.
  4622 | D:5      | Noticed Crazy Yiuf
  4648 | D:5      | Found a radiant altar of Vehumet.
  4702 | D:5      | Found a shimmering altar of Xom.
  4766 | D:5      | Reached skill level 5 in Maces & Flails
  5131 | D:5      | Found Niulum's Book Shoppe.
  5373 | D:5      | Killed Crazy Yiuf
  5475 | D:6      | Reached skill level 5 in Invocations
  5530 | D:6      | Reached skill level 5 in Shields
  5533 | D:6      | Identified a scroll of acquirement
  5539 | D:6      | Acquired the +1 eveningstar of Anguish {antimagic, *Noise
                  | rPois Will+ SInv}
  5576 | D:6      | Noticed Eustachio
  5585 | D:6      | Killed Eustachio
  5613 | D:6      | Identified the serpent talisman "Cusits" {Int+3}
  5667 | D:6      | Reached *** piety under Okawaru
  5742 | D:6      | Reached skill level 5 in Fighting
  6270 | D:7      | Found an opulent altar of Gozag.
  6291 | D:7      | Gained mutation: You are mostly covered in sharp spines.
                  | [demonic ancestry]
  6291 | D:7      | Reached XP level 9. HP: 70/70 MP: 4/12
  6549 | D:7      | Identified the ring of Qeeduzequ {Fly rPois}
  6968 | D:7      | Found Zuluhuff's Armour Shoppe.
  6971 | D:7      | Bought the +1 pair of boots of Jausk {rCorr} for 353 gold
                  | pieces
  7123 | D:7      | Found a transporter.
  7124 | D:7      | Noticed PrincessEmiBear's ghost (novice TrGl)
  7125 | D:7      | Identified the +4 great mace of Xilovuz {vamp, +Blink
                  | Dex+6}
  7125 | D:7      | Identified the +8 great mace "Hymeotz" {holy, rF- rN+
                  | Dex+3}
  7125 | D:7      | Noticed a two-headed ogre
  7126 | D:7      | Found a transporter.
  7159 | D:8      | Reached **** piety under Okawaru
  7160 | D:8      | Reached skill level 6 in Fighting
  7176 | D:8      | Reached skill level 5 in Evocations
  7246 | D:8      | Found a shadowy altar of Dithmenos.
  7602 | D:8      | Reached XP level 10. HP: 44/79 MP: 3/13
  7968 | D:8      | Found a basalt altar of Yredelemnul.
  8282 | D:9      | Noticed Prince Ribbit
  8293 | D:9      | Killed Prince Ribbit
  8426 | D:9      | Found a blossoming altar of Fedhas.
  8613 | D:9      | Reached skill level 7 in Fighting
  8788 | D:9      | Found a hide-covered altar of Uskayaw.
  8788 | D:9      | Found a broken altar of Ashenzari.
  8788 | D:9      | Found an iron altar of Okawaru.
  8804 | D:9      | Found a sacrificial altar of Ru.
  8840 | D:9      | Reached ***** piety under Okawaru
  8874 | D:9      | Noticed a brown ugly thing
  8879 | D:9      | Noticed Amaemon
  8879 | D:9      | Noticed an orange demon
  8881 | D:9      | Noticed Maurice
  8895 | D:9      | Killed an orange demon
  8905 | D:9      | Killed Amaemon
  8905 | D:9      | Received a gift from Okawaru
  8912 | D:9      | Killed a brown ugly thing
  9361 | D:9      | Found a staircase to the Orcish Mines.
  9553 | D:9      | Killed Maurice
  9611 | D:9      | Reached skill level 10 in Maces & Flails
  9866 | D:10     | Entered Level 10 of the Dungeon
  9937 | D:10     | Reached skill level 8 in Fighting
 10044 | D:10     | Found a staircase to the Lair.
 10055 | D:10     | Noticed a two-headed ogre
 10084 | D:10     | Killed a two-headed ogre
 10085 | D:10     | Reached XP level 11. HP: 50/88 MP: 11/14
 10416 | D:10     | Noticed a two-headed ogre
 10427 | D:10     | Killed a two-headed ogre
 10645 | D:10     | Noticed Urug
 10658 | D:10     | Killed Urug
 10898 | D:10     | Found a stormy altar of Qazlal.
 11167 | D:10     | Reached skill level 9 in Fighting
 11412 | D:10     | Received a gift from Okawaru
 11815 | D:11     | Found Kobalist's Antique Weapon Boutique.
 11884 | D:11     | Found Ruuseus's Distillery.
 11889 | D:11     | Noticed a boulder beetle
 11898 | D:11     | Killed a boulder beetle
 11931 | D:11     | Found Ziruheb's Gadget Gallery.
 11938 | D:11     | Found Tephav's Antique Weapon Boutique.
 11955 | D:11     | Gained mutation: You have a pair of horns on your head.
                  | [demonic ancestry]
 11955 | D:11     | Reached XP level 12. HP: 72/99 MP: 15/15
 12012 | D:11     | Received a gift from Okawaru
 12248 | D:11     | Bought a potion of heal wounds for 70 gold pieces
 12490 | D:11     | Found Cerchodeej's Magic Scroll Emporium.
 12493 | D:11     | Bought a scroll of enchant armour for 127 gold pieces
 12620 | D:12     | Reached skill level 10 in Fighting
 12987 | D:12     | You are sucked into a shaft and drop 1 floor!
 13013 | D:13     | Reached skill level 10 in Evocations
 13096 | D:13     | Noticed a two-headed ogre
 13104 | D:13     | Killed a two-headed ogre
 13106 | D:13     | Noticed a tengu warrior
 13110 | D:13     | Received a gift from Okawaru
 13119 | D:13     | Killed a tengu warrior
 13122 | D:13     | Noticed a centaur warrior
 13129 | D:13     | Killed a centaur warrior
 13130 | D:13     | Reached skill level 11 in Fighting
 13565 | D:12     | Found a portal to a secret trove of treasure.
 14157 | Lair:1   | Entered Level 1 of the Lair of Beasts
 14266 | Lair:1   | Noticed a death yak
 14268 | Lair:1   | Noticed a death yak
 14270 | Lair:1   | Noticed a death yak
 14271 | Lair:1   | Noticed a death yak
 14274 | Lair:1   | Noticed a death yak
 14279 | Lair:1   | Noticed a death yak
 14284 | Lair:1   | Killed a death yak
 14285 | Lair:1   | Reached skill level 12 in Fighting
 14286 | Lair:1   | Killed a death yak
 14286 | Lair:1   | Received a gift from Okawaru
 14293 | Lair:1   | Killed a death yak
 14293 | Lair:1   | Killed a death yak
 14294 | Lair:1   | Gained mutation: You are completely covered in sharp
                  | spines. [demonic ancestry]
 14294 | Lair:1   | Reached XP level 13. HP: 78/111 MP: 14/16
 14894 | Lair:1   | Reached ****** piety under Okawaru
 14907 | Lair:1   | Received a gift from Okawaru
 14908 | Lair:1   | Reached skill level 5 in Armour
 14914 | Lair:1   | Acquired a +1 eveningstar of flaming
 14914 | Lair:1   | Received a gift from Okawaru
 14915 | Lair:1   | Acquired a +2 crystal plate armour
 14915 | Lair:1   | Received a gift from Okawaru
 15007 | Lair:1   | Reached skill level 13 in Fighting
 15885 | Lair:2   | Found a staircase to the Snake Pit.
 16157 | Lair:2   | Received a gift from Okawaru
 16747 | Lair:2   | Identified the +1 battleaxe "Lazuful" {heavy, Str+3 Int+3}
 17399 | Lair:3   | Found a staircase to the Shoals.
 17647 | Lair:3   | Received a gift from Okawaru
 18067 | Lair:3   | Reached XP level 14. HP: 101/122 MP: 19/19
 18236 | Lair:4   | Reached skill level 14 in Fighting
 18267 | Lair:4   | Found a staircase to the Slime Pits.
 18609 | Lair:4   | Identified the +9 trident of Patterns {venom, rF++ rC-
                  | Dex+5}
 19086 | Lair:5   | Entered Level 5 of the Lair of Beasts
 19309 | Lair:5   | Received a gift from Okawaru
 19435 | Lair:5   | Upgraded the game from 0.31-a0-1611-g890cdf5628 to
                  | 0.31-a0-1612-g4aaf141004
 19843 | Lair:5   | Reached skill level 10 in Armour
 20021 | Lair:5   | Received a gift from Okawaru
 20384 | Lair:5   | Reached skill level 15 in Fighting
 20944 | Lair:5   | Identified the +0 leather armour of Dice, Bag, and Bottle
                  | {rPois rF+ Will- Regen+}
 21188 | Orc:1    | Entered Level 1 of the Orcish Mines
 21304 | Orc:1    | Received a gift from Okawaru
 21665 | Orc:2    | Entered Level 2 of the Orcish Mines
 21677 | Orc:2    | Found a staircase to the Elven Halls.
 21906 | Orc:2    | Gained mutation: You have a pair of large horns on your
                  | head. [demonic ancestry]
 21906 | Orc:2    | Reached XP level 15. HP: 132/132 MP: 20/20
 22011 | Orc:2    | Received a gift from Okawaru
 22138 | Orc:2    | Noticed Nessos
 22148 | Orc:2    | Killed Nessos
 22152 | Orc:2    | Noticed Erolcha
 22154 | Orc:2    | Killed Erolcha
 22160 | Orc:2    | Noticed Snorg
 22228 | Orc:2    | Killed Snorg
 22505 | Orc:2    | Found Tion's Magic Scroll Shop.
 22525 | Orc:2    | Found Risudupses's General Store.
 22527 | Orc:2    | Found Sadgh's Weapon Shoppe.
 22556 | Orc:2    | Found Xorgh's Armour Shoppe.
 22599 | Orc:2    | Bought the +8 ring mail "Kah Runaq" {Regen+} for 663 gold
                  | pieces
 22690 | Orc:2    | Reached skill level 1 in Dodging
 22906 | Elf:1    | Entered Level 1 of the Elven Halls
 23170 | Elf:1    | Noticed a deep elf sorcerer
 23177 | Elf:1    | Killed a deep elf sorcerer
 23179 | Elf:1    | Received a gift from Okawaru
 23549 | Elf:1    | Reached skill level 16 in Fighting
 23617 | Elf:1    | Received a gift from Okawaru
 23698 | Elf:1    | Got Lom Lobon's Tome of Impulse
 23751 | Elf:1    | Killed from afar by a deep elf knight

Illustrated notes

Levels and vault maps discovered:
D:1:      minmay_arrival_floating_metal, layout_basic
D:2:      layout_basic, basic_altar
D:3:      gammafunk_steamed_eel, layout_loops_ring,
          dreamdust_ecumenical_altar_grove
D:4:      layout_basic, nicolae_overflow_hidden_temple,
          minmay_temple_entry_mist, chequers_decorated_corner
D:5:      layout_loops_cross, nicolae_overflow_crystal_walls, vehumet_statue,
          serial_shops, nicolae_inconvenience_store, uniq_crazy_yiuf_cottage,
          uniq_sigmund
D:6:      layout_basic, uniq_eustachio
D:7:      layout_loops_ring, mainiacjoe_overflow_surrounded_room, serial_shops,
          nicolae_shop_tiny_real_fake_doors, gammafunk_ghost_smash,
          nicolae_figureground_sparkle
D:8:      layout_loops_ring, grunt_dithmenos_smoke_and_mirrors,
          mainiacjoe_overflow_boulevard, tso_altar, kennysheep_small_circle
D:9:      layout_layer_cave, lemuel_round_altar,
          grunt_temple_overflow_cloverleaf, david_orc_5,
          kennysheep_decorative_pillar, uniq_prince_ribbit1, uniq_amaemon,
          uniq_maurice
D:10:     minmay_bubble_buster, layout_gridville, mainiacjoe_overflow_brackets,
          nicolae_qazlal_style_of_elements, minmay_lair_entry_grove,
          fungi_pond_lemuel, uniq_urug
D:11:     layout_irregular_city, serial_shops, shop, shop, shop,
          nicolae_shop_rolled_up, gauntlet_entry_generic, serial_bayou_pond_b,
          nicolae_shop_gadgets
D:12:     layout_irregular_city, nicolae_trove_entry_isolated,
          einodemon_armed_red_devil_minivault
D:13:     layout_roguey, david_vaults_5, kennysheep_generic_room_9
Lair:1:   wad_woods_tower, layout_gridlike, grunt_megastairs_1
Lair:2:   layout_loops_ring, dummy_snake_entry, infiniplex_staircase_pool,
          lemuel_fruit_tree, grunt_megastairs_4, lemuel_fruit_fields
Lair:3:   layout_cave_pods, minmay_shoals_entry_beasts
Lair:4:   layout_regular_city, minmay_slime_entry_oklob_open,
          lemuel_fruit_fields, infiniplex_staircase_pool_2, grunt_megastairs_3
Lair:5:   due_jungle_book, layout_regular_city
Orc:1:    layout_diamond_mine
Orc:2:    hellmonk_orc_salted, layout_caves, uniq_snorg, uniq_nessos,
          uniq_erolcha
Elf:1:    layout_loops_corners, serial_shops, nicolae_shop_real_fake_doors,
          nicolae_elf_shapeshifter_party

Skill      XL: |  1  2  3  4  5  6  7  8  9 10 11 12 13 14 15 |
---------------+----------------------------------------------+-----
Stealth        | 1 2 |  2.0
Fighting       | 2 3 4 5 6 8 9 12 13 15 16 | 16.1
Maces & Flails | 1 2 3 4 6 8 10 12 | 12.0
Invocations    | 1 2 3 4 5 7 |  7.6
Shields        | 1 2 3 4 5 7 |  7.2
Evocations     | 5 7 9 11 | 11.4
Armour         | 3 7 11 12 | 12.2
Dodging        | 3 |  3.5

Action                     |  1- 3 |  4- 6 |  7- 9 | 10-12 | 13-15 || total
---------------------------+-------+-------+-------+-------+-------++-------
  Melee: Club              |    14 |       |       |       |       ||    14
         Flail             |   117 |   136 |   142 |       |       ||   395
         Short sword       |     3 |       |       |       |       ||     3
         Headbutt          |       |       |    71 |   162 |   448 ||   681
         Eveningstar       |       |       |   176 |   100 |       ||   276
         Demon whip        |       |       |       |   509 |  1437 ||  1946
 Invoke: Heroism           |       |       |     4 |     8 |     6 ||    18
         Receive Weapon    |       |       |       |       |     1 ||     1
         Receive Armour    |       |       |       |       |     1 ||     1
  Evoke: Wand              |     1 |    10 |     7 |    18 |    14 ||    50
    Use: Potion            |       |       |     2 |     1 |     8 ||    11
         Scroll            |       |       |    11 |     9 |    10 ||    30
   Stab: Sleeping          |     1 |     1 |     2 |     8 |     5 ||    17
         Held in net/web   |       |       |     1 |       |       ||     1
         Paralysed         |       |       |       |     8 |     2 ||    10
         Distracted        |       |       |       |     2 |       ||     2
 Armour: Leather armour    |    63 |       |       |       |       ||    63
         Ring mail         |    38 |    89 |   122 |    26 |   122 ||   397
         Acid dragon scale |       |       |       |   230 |    97 ||   327
         Crystal plate arm |       |       |       |       |   593 ||   593
  Dodge: Dodged            |    93 |    62 |    68 |   134 |   203 ||   560
  Block: Other             |    17 |       |       |       |       ||    17
         Buckler           |     6 |    58 |   223 |   303 |   499 ||  1089
         Reflection        |       |       |     2 |    17 |     6 ||    25

Table legend: (Time is in decaauts)
 A = Elapsed time spent in this place.
 B = Non-inter-level travel time spent in this place.
 C = Inter-level travel time spent in this place.
 D = Time resting spent in this place.
 E = Time spent auto-exploring this place.
 F = Levels seen in this place.
 G = Mean time per level.
                   A        B        C        D        E       F      G
               +--------+--------+--------+--------+--------+-----+--------+
         Total |  23055 |  22242 |    813 |   1110 |  16694 |  21 | 1097.9 |
       Dungeon |  14208 |  13708 |    500 |    858 |  10137 |  13 | 1092.9 |
          Lair |   6523 |   6281 |    242 |    252 |   4975 |   5 | 1304.6 |
  Orcish Mines |   1546 |   1503 |     43 |      0 |   1066 |   2 |  773.0 |
   Elven Halls |    776 |    750 |     26 |      0 |    516 |   1 |  776.0 |
               +--------+--------+--------+--------+--------+-----+--------+

Top non-repeatable levels by time:
  Lair:5: 1721 daAuts
    D:10: 1660 daAuts
     D:9: 1632 daAuts
  Lair:1: 1510 daAuts
     D:4: 1266 daAuts
     D:1: 1256 daAuts
  Lair:2: 1244 daAuts
     D:3: 1199 daAuts
  Lair:3: 1178 daAuts
     D:8: 1139 daAuts
     D:5: 1111 daAuts
   Orc:2: 1106 daAuts
    D:11: 1037 daAuts
    D:12: 972 daAuts
     D:7: 911 daAuts
